Map: Temple gelé

Players

DogOfWar - Winner!

  • Race: Terran Terran
  • League: Silver

pupu

  • Race: Protoss Protoss
  • League: Gold

VOD

Have the link to the VOD?

Description

Time

  • Played on: April 19, 2016, 8:59 a.m.
  • Length: 6:55
Show
View Real Time Build Order
Export as new Build Order

DogOfWar Terran - Winner!

Build Orders:  

Get SALT Encoding   

  12  0:01  SCV  
  13  0:13  SCV  
  14  0:23  Supply Depot  
  14  0:25  SCV  
  15  0:31  Refinery  
  15  0:44  SCV  
  15  0:47  Barracks  
  16  0:56  SCV  
  17  1:10  SCV  
  18  1:24  Supply Depot, SCV  
  18  1:25  Refinery  
  19  1:38  Factory  
  19  1:41  Orbital Command  
  19  1:54  Marine  
  19  2:00  Barracks  
  20  2:08  SCV  
  21  2:15  Marine  
  21  2:20  SCV  
  23  2:23  Supply Depot  
  23  2:30  Starport  
  23  2:32  Factory Tech Lab  
  23  2:42  Barracks Tech Lab  
  23  2:47  Barracks Reactor  
  23  2:50  Supply Depot  
  23  3:06  Siege Tank  
  26  3:24  Medivac  
  26  3:26  Marine x3  
  31  3:42  Stimpack  
  31  3:44  Marine x2, SCV  
  34  4:01  Medivac  
  34  4:02  Marine x2  
  37  4:03  Marine  
  39  4:20  Marine x2  
  39  4:21  Marine  
  42  4:38  Marine  
  43  4:40  Command Center  
  43  4:49  Marine x2  
  45  4:56  Marine  
  45  4:59  Siege Tank  
  49  5:02  Medivac  
  49  5:07  Marine x2  
  51  5:11  Supply Depot  
  51  5:13  Marine  
  54  5:24  Marine  
  55  5:32  Marine x2, Medivac  
  52  6:03  Marine x3  
  55  6:21  Marine x2  
Show
View Real Time Build Order
Export as new Build Order

pupu Protoss 

Build Orders: 1 Gate Expand 

Get SALT Encoding   

  12  0:01  Probe (Chrono Boost)  
  13  0:11  Probe (Chrono Boost)  
  14  0:18  Pylon  
  14  0:22  Probe (Chrono Boost)  
  15  0:37  Probe (Chrono Boost)  
  15  0:40  Gateway  
  16  0:47  Probe (Chrono Boost)  
  17  0:59  Assimilator  
  17  1:16  Nexus  
  17  1:19  Probe (Chrono Boost)  
  18  1:31  Cybernetics Core  
  18  1:43  Probe (Chrono Boost)  
  19  1:54  Probe (Chrono Boost)  
  20  1:57  Assimilator  
  20  2:00  Pylon  
  20  2:04  Probe (Chrono Boost)  
  20  2:07  Warp Gate (Chrono Boost)  
  21  2:09  Stalker  
  23  2:17  Pylon  
  23  2:20  Probe  
  24  2:27  Probe  
  25  2:37  Robotics Facility  
  25  2:41  Probe  
  25  2:43  Probe  
  27  2:52  Assimilator  
  27  2:54  Probe  
  27  2:57  Mothership Core  
  30  3:10  Probe  
  31  3:16  Probe  
  32  3:22  Twilight Council, Probe  
  33  3:27  Probe  
  33  3:33  Pylon  
  34  3:34  Probe  
  34  3:37  Probe  
  34  3:38  Sentry  
  34  3:41  Observer  
  39  3:46  Probe  
  39  3:48  Probe  
  40  3:54  Forge  
  41  3:57  Charge (Chrono Boost)  
  41  3:58  Probe x2  
  43  4:12  Warp Prism  
  45  4:24  Gateway  
  45  4:27  Gateway  
  45  4:33  Probe  
  45  4:34  Gateway  
  45  4:35  Probe  
  47  4:42  Protoss Ground Weapons Level 1 (Chrono Boost)  
  47  4:46  Probe  
  47  4:47  Probe  
  49  4:55  Stalker  
  51  5:02  Pylon  
  51  5:04  Probe x2  
  53  5:18  Pylon  
  53  5:23  Photon Cannon  
  53  5:29  Zealot x3  
  52  5:47  Zealot  
  44  6:00  Zealot x2  
  44  6:01  Zealot  
  50  6:08  Probe x2  
  52  6:12  Immortal  
  54  6:22  Zealot x3  
  56  6:28  Pylon  
  56  6:31  Pylon  
  54  6:34  Mothership Core  
  54  6:35  Pylon  
  54  6:43  Zealot x2  
Tags
 
Add a new tag
Caveats
  • Supply blocks, unpowered buildings, or Contaminate may cause inaccurate times.
  • Supply counts are checked every 10 seconds.